 Seeded DCSS version 0.28.0-62-gf88900778d (webtiles) character file.

Game seed: 13591998346360536447 (custom seed)

804 Psyclone the Destroyer (level 7, 39/39 HPs)
             Began as a Deep Elf Conjurer on Oct 19, 2023.
             Was an Initiate of Gozag.
             Quit the game on level 11 of the Dungeon.
             The game lasted 00:01:59 (1938 turns).

Psyclone the Destroyer (Deep Elf Conjurer)          Turns: 1938, Time: 00:01:59

Health: 39/39      AC: 17    Str:  8    XL:     7   Next: 60%
Magic:  15/15      EV: 12    Int: 43    God:    Gozag
Gold:   3349       SH:  5    Dex: 13    Spells: 8/15 levels left

rFire   + . .      SeeInvis .   a - +3 Elemental Staff {rElec rF++ rC++ AC+5}
rCold   + + .      Faith    .   (no shield)
rNeg    . . .      Spirit   .   m - +0 robe
rPois   +          Reflect  +   (no helmet)
rElec   +          Harm     .   e - +2 cloak of the Hidden Vale {rPois rF- Str+2 Int+8}
rCorr   .          Rampage  .   k - +0 pair of gloves
Will    .....                   (no boots)
Stlth   ++........              h - amulet of reflection
HPRegen 0.13/turn               q - ring of Dishonour {AC+4 Int+8}
MPRegen 0.14/turn               (no ring)

@: no status effects
A: iridescent scales 1, clever 1, robust 1, strong 1, wild magic 1
a: Renounce Religion, Potion Petition, Call Merchant, Bribe Branch


You were on level 11 of the Dungeon.
You worshipped Gozag.
Gozag was most pleased with you.
You visited 1 branch of the dungeon, and saw 11 of its levels.

You collected 6583 gold pieces.
You spent 1688 gold pieces at shops.
You paid 1546 gold pieces to Gozag.

Inventory:

Hand Weapons
 a - the +3 Elemental Staff (weapon) {rElec rF++ rC++ AC+5}
   (You acquired it on level 9 of the Dungeon)

   If the wielder is skilled in Evocations, they can discharge powerful blasts
   of elemental energy when striking with it.
   It enhances your fire, ice, earth and air magic.
   AC:        It affects your AC (+5).
   rF:        It greatly protects you from fire.
   rC:        It greatly protects you from cold.
   rElec:     It insulates you from electricity.
 b - a +0 dagger
Armour
 e - the +2 cloak of the Hidden Vale (worn) {rPois rF- Str+2 Int+8}
   (You acquired it on level 4 of the Dungeon)

   Str:       It affects your strength (+2).
   Int:       It affects your intelligence (+8).
   rF:        It makes you vulnerable to fire.
   rPois:     It protects you from poison.
 k - a +0 pair of gloves (worn)
 m - a +0 robe (worn)
 r - the +0 robe of Miluw {rC+ Dex+2}
   (You bought it in a shop on level 11 of the Dungeon)

   Dex:       It affects your dexterity (+2).
   rC:        It protects you from cold.
 s - the +1 leather armour of a bazaar {rCorr Int+5}
   (You bought it in a shop on level 11 of the Dungeon)

   Int:       It affects your intelligence (+5).
   rCorr:     It protects you from acid and corrosion.
 t - the +4 ring mail of Abenlaixt {*Slow rCorr Str+3 Dex-5}
   (You bought it in a shop on level 11 of the Dungeon)

   Str:       It affects your strength (+3).
   Dex:       It affects your dexterity (-5).
   rCorr:     It protects you from acid and corrosion.
   *Slow:     It may slow you when you take damage.
 u - the +2 scale mail "Akaly" {rF+ Str+4}
   (You bought it in a shop on level 11 of the Dungeon)

   Str:       It affects your strength (+4).
   rF:        It protects you from fire.
 v - the +0 leather armour "Vaschohi" {rN+}
   (You bought it in a shop on level 11 of the Dungeon)

   rN:        It protects you from negative energy.
 w - a +0 robe of positive energy
 x - the +0 leather armour "Afeewoy" {Harm Rampage Dex-4 Stlth+}
   (You bought it in a shop on level 11 of the Dungeon)

   Dex:       It affects your dexterity (-4).
   Harm:      It increases damage dealt and taken.
   Rampage:   It bestows one free step when moving towards enemies.
   Stlth:     It makes you more stealthy.
Jewellery
 h - an amulet of reflection (around neck)
 q - the ring of Dishonour (left hand) {AC+4 Int+8}
   (You acquired it on level 11 of the Dungeon)

   [ring of protection]

   AC:        It affects your AC (+4).
   Int:       It affects your intelligence (+8).
Wands
 c - a wand of mindburst (17)
 g - a wand of flame (30)
 j - a wand of iceblast (5)
 l - a wand of paralysis (9)
Scrolls
 d - 4 scrolls of identify {@r1}
 n - a scroll of immolation {unknown}
 p - a scroll of amnesia {unknown}
Potions
 f - a potion of ambrosia {unknown}
 i - a potion of curing {unknown}
 o - a potion of mutation


   Skills:
 - Level 2.4 Dodging
 - Level 2.4 Stealth
 + Level 4.5 Spellcasting
 - Level 10.0 Conjurations


You had 8 spell levels left.
You knew the following spells:

 Your Spells              Type           Power      Damage    Failure   Level
a - Magic Dart            Conj           100%       1d8       1%          1
b - Searing Ray           Conj           100%       2d8       1%          2
d - Fulminant Prism       Conj/Hex       31%        3d16      5%          4

Your spell library contained the following spells:

 Spells                   Type           Power      Damage    Failure   Level
 Static Discharge         Conj/Air       80%        N/A       1%          2
 Dazzling Flash           Conj/Hex       100%       N/A       2%          3
 Iskenderun's Mystic Bla  Conj/Tloc      62%        2d13      5%          4
 Sticky Flame             Conj/Fire      80%        2d9       5%          4
 Dispel Undead            Necr           12%        3d9       34%         4


Dungeon Overview and Level Annotations

Branches:
Dungeon (11/15)
 Temple: D:4-7         Lair: D:8-11         Orc: D:9-12

Altars:
Gozag
Okawaru
The Shining One

Shops:
D:11 :[*


Innate Abilities, Weirdness & Mutations

You are partially covered in iridescent scales. (AC +2)
Your mind is acute. (Int +2)
You are robust. (+10% HP)
Your muscles are strong. (Str +2)
Your spells are a little harder to cast, but a little more powerful.


Message History

You climb downwards.
There is a stone staircase leading up here.
You open the door.
Found Reiheab's General Store.
There is an open door here.
There is an entrance to Reiheab's General Store here.
q - a scroll of acquirement Thank you for shopping at Reiheab's General Store!
There is an open door here.
Something appears at your feet!
q - the ring of Dishonour {AC+4 Int+8} You feel clever.
q - the ring of Dishonour (left hand) {AC+4 Int+8} You start putting on your amulet.
You continue putting on your amulet of reflection. x5
You finish putting on your amulet of reflection.
You feel a shielding aura gather around you.
h - an amulet of reflection (around neck)
You start waiting.
Done waiting. [a] 447 gold - Cixoca's Distillery [b] 758 gold - Otsaqiut's Antique Armour Shop [c] 661 gold - Noidgh's Book Emporium Fund which merchant?
Noidgh invites you to visit their Book Emporium. [a] 828 gold - Jemnor's Magic Scroll Shop [b] 801 gold - Oqeorpha's Antique Armour Emporium [c] 936 gold - Coeg's Assorted Antiques Fund which merchant?
Oqeorpha invites you to visit her Antique Armour Emporium.
r - the +0 robe of Miluw {rC+ Dex+2}
s - the +1 leather armour of a bazaar {rCorr Int+5}
t - the +4 ring mail of Abenlaixt {*Slow rCorr Str+3 Dex-5}
u - the +2 scale mail "Akaly" {rF+ Str+4}
v - the +0 leather armour "Vaschohi" {rN+}
w - a +0 robe of positive energy
x - the +0 leather armour "Afeewoy" {Harm Rampage Dex-4 Stlth+} Thank you for shopping at Oqeorpha's Antique Armour Emporium!
Unknown command.
Are you sure you want to abandon this character and quit the game? (Confirm with "yes".)

########
#∩@....#
#......##
####..#'#..##
......#∩#...#
.......###...#
.............#
........<....#
##..##..##+###
#+# #..


There were no monsters in sight!

Vanquished Creatures
  Menkaure (D:5)
  An ice beast (D:5)
  A sky beast (D:5)
  An ogre (D:7)
  A centaur (D:5)
  A gnoll sergeant (D:10)
  A bullfrog zombie (D:5)
  A hound (D:6)
  4 bullfrog skeletons
  2 hound skeletons
  5 gnolls (D:10)
  A howler monkey skeleton (D:6)
  A worm (D:2)
  A dart slug (D:4)
  2 endoplasms
  A hobgoblin (D:4)
  3 jackals (D:1)
  A kobold (D:1)
  2 quokkas (D:5)
  2 ball pythons
  3 rats
36 creatures vanquished.

Notes
Turn   | Place    | Note
-------+----------+-------------------------------------------
     0 | D:1      | Psyclone the Deep Elf Conjurer began the quest for the Orb.
     0 | D:1      | Reached XP level 1. HP: 10/10 MP: 6/6
   178 | D:2      | Reached XP level 2. HP: 15/15 MP: 6/8
   181 | D:2      | Learned a level 2 spell: Searing Ray
   211 | D:2      | Reached skill level 5 in Conjurations
   273 | D:2      | Identified 3 scrolls of acquirement
   286 | D:3      | Found a glowing golden altar of the Shining One.
   337 | D:4      | Acquired the +2 cloak of the Hidden Vale {rPois rF- Str+2
                  | Int+8}
   340 | D:4      | Acquired 1255 gold pieces
   346 | D:4      | Acquired 1352 gold pieces
   357 | D:4      | Acquired 1218 gold pieces
   389 | D:4      | Reached XP level 3. HP: 19/19 MP: 2/9
   420 | D:4      | Gained mutation: You are robust. (+10% HP) [potion of
                  | mutation]
   420 | D:4      | Gained mutation: You have hidden genetic potential. [potion
                  | of mutation]
   420 | D:4      | Gained mutation: Your muscles are strong. (Str +2) [potion
                  | of mutation]
   420 | D:4      | Gained mutation: You are partially covered in iridescent
                  | scales. (AC +2) [potion of mutation]
   426 | D:4      | Reached skill level 6 in Conjurations
   523 | D:5      | Entered Level 5 of the Dungeon
   527 | D:5      | Reached XP level 4. HP: 18/26 MP: 4/10
   548 | D:5      | Gained mutation: Your mind is acute. (Int +2) [hidden
                  | potential]
   643 | D:5      | Noticed an ice beast
   648 | D:5      | Killed an ice beast
   649 | D:5      | Reached skill level 7 in Conjurations
   649 | D:5      | Reached XP level 5. HP: 30/30 MP: 4/11
   654 | D:5      | Gained mutation: Your spells are a little harder to cast,
                  | but a little more powerful. [hidden potential]
   654 | D:5      | Lost mutation: You have hidden genetic potential. [hidden
                  | potential expressed]
   658 | D:5      | Learned a level 4 spell: Fulminant Prism
   764 | D:5      | Found an opulent altar of Gozag.
   771 | D:5      | Became a worshipper of Gozag Ym Sagoz the Greedy
   831 | D:5      | Noticed a sky beast
   840 | D:5      | Killed a sky beast
   841 | D:5      | Reached skill level 8 in Conjurations
   841 | D:5      | Reached XP level 6. HP: 28/35 MP: 4/12
   913 | D:5      | Found an iron altar of Okawaru.
   933 | D:5      | Noticed Menkaure
   937 | D:5      | Killed Menkaure
   938 | D:5      | Reached skill level 9 in Conjurations
   938 | D:5      | Reached XP level 7. HP: 24/39 MP: 4/13
  1327 | D:7      | Reached skill level 10 in Conjurations
  1384 | D:9      | Acquired 1237 gold pieces
  1393 | D:9      | Acquired the +3 Elemental Staff {rElec rF++ rC++ AC+5}
  1393 | D:9      | Found the +3 Elemental Staff {rElec rF++ rC++ AC+5}
  1405 | D:9      | Acquired 1172 gold pieces
  1478 | D:10     | Entered Level 10 of the Dungeon
  1751 | D:11     | Found Reiheab's General Store.
  1754 | D:11     | Bought a scroll of acquirement for 624 gold pieces
  1779 | D:11     | Acquired the ring of Dishonour {AC+4 Int+8}
  1938 | D:11     | Bought a thick robe for 125 gold pieces
  1938 | D:11     | Identified the +0 robe of Miluw {rC+ Dex+2} (You bought it
                  | in a shop on level 11 of the Dungeon)
  1938 | D:11     | Bought a faintly glowing leather armour for 154 gold pieces
  1938 | D:11     | Identified the +1 leather armour of a bazaar {rCorr Int+5}
                  | (You bought it in a shop on level 11 of the Dungeon)
  1938 | D:11     | Bought a smouldering ring mail for 198 gold pieces
  1938 | D:11     | Identified the +4 ring mail of Abenlaixt {*Slow rCorr Str+3
                  | Dex-5} (You bought it in a shop on level 11 of the Dungeon)
  1938 | D:11     | Bought a glimmering scale mail for 198 gold pieces
  1938 | D:11     | Identified the +2 scale mail "Akaly" {rF+ Str+4} (You
                  | bought it in a shop on level 11 of the Dungeon)
  1938 | D:11     | Bought an ichor-stained leather armour for 154 gold pieces
  1938 | D:11     | Identified the +0 leather armour "Vaschohi" {rN+} (You
                  | bought it in a shop on level 11 of the Dungeon)
  1938 | D:11     | Bought a glowing robe for 81 gold pieces
  1938 | D:11     | Bought a sapphire-encrusted leather armour for 154 gold
                  | pieces
  1938 | D:11     | Identified the +0 leather armour "Afeewoy" {Harm Rampage
                  | Dex-4 Stlth+} (You bought it in a shop on level 11 of the
                  | Dungeon)
  1938 | D:11     | Quit the game

Illustrated notes

Levels and vault maps discovered:
D:1:      wander_arrival_fairy_ring, layout_basic, chequers_serial_rivers_room_a
D:2:      layout_loops_ring, shapermc_ecumenical_altar_venn, uniq_natasha
D:3:      layout_loops_ring, mainiacjoe_overflow_chevrons,
          gammafunk_ghost_arena, hangedman_glass_teeth
D:4:      layout_basic, nicolae_hepliaklqana_monster_ancestors,
          due_unseen_surprise
D:5:      layout_basic, lemuel_doored_altar, overflow_temple_1_default,
          amethyst_overflow_temple_binary, minmay_manual_mess, uniq_ijyb,
          uniq_edmund, uniq_sigmund, uniq_menkaure
D:6:      layout_layer_cave, minmay_temple_entry_hall
D:7:      layout_basic, nicolae_wu_jian_immortal_techniques
D:8:      layout_rooms, lightli_temple_of_fire, minmay_lair_entry_grove,
          serial_shops, shop
D:9:      layout_cave_pools, grunt_decor_clamped
D:10:     minmay_diamond_stairs, layout_basic
D:11:     layout_gridville, serial_shops, kennysheep_mini_moat

Skill      XL: |  1  2  3  4  5  6  7 |
---------------+----------------------+-----
Conjurations   | 5 6 7 8 9 10 | 10.0
Spellcasting   | 4 |  4.5
Dodging        | |  2.4
Stealth        | |  2.4

Action                   |  1- 3 |  4- 6 |  7- 9 || total
-------------------------+-------+-------+-------++-------
 Cast: Magic Dart        |    16 |     3 |    10 ||    29
       Searing Ray       |     5 |     7 |     8 ||    20
Invok: Call Merchant     |       |       |     2 ||     2
  Use: Scroll            |     5 |       |     4 ||     9
       Potion            |     1 |       |       ||     1
Armor: Robe              |     1 |     1 |     1 ||     3
Dodge: Dodged            |     3 |     3 |       ||     6
